AoeStats
← maxpower5208

Hideout

510117856Analyzed
1v1 RM · 2d ago on Sep 29, 2026· 30m 28s· 2 players
Game mode
Random Map
Map size
Tiny (2 player)
Population
200
Speed
Normal
Resources
Standard
Victory
Conquest
Starting age
Dark Age
Ending age
Imperial Age
RankedLock teamsTeams togetherTeam positionsShared explorationLock speedFull tech treeHidden civsTurbo modeCheats
Victory
Defeat
🇪🇸 Sicilians · Spain
800
+17
🇦🇷 Goths · Argentina
812
-44
xiscosb
0:26 Loom
10:22 Feudal Age
11:45 Wheelbarrow
10:57 Double-Bit Axe
11:05 Gold Mining
10:58 Horse Collar
14:38 Forging
14:19 Fletching
16:29 Padded Archer Armor
21:33 Stone Mining
24:50 Castle Age
24:51 Crossbowman
25:29 Bodkin Arrow
25:46 Heavy Plow
26:18 Elite Skirmisher
maxpower5208
12:29 Feudal Age
13:07 Horse Collar
12:59 Man-at-Arms
14:59 Gold Mining
16:10 Double-Bit Axe
20:54 Scale Mail Armor
26:55 Castle Age
26:50 Stone Mining
29:51 Bow Saw
Connection lost

Rejoining the realm…

Still unreachable

The connection could not be restored.

Session expired

The server has moved on; the page needs a fresh start.